 Dungeon Crawl Stone Soup version 0.27-a0-1423-ge5d6b6ab6a (webtiles) character file.

Game seed: 5354436505824013116

3789 Froggeryz the Covert (level 10, -4/63 HPs)
             Began as an Octopode Berserker on July 2, 2021.
             Was a High Priest of Trog.
             Slain by an orc warrior (15 damage)
             ... on level 9 of the Dungeon.
             The game lasted 00:08:36 (9545 turns).

Froggeryz the Covert (Octopode Berserker)           Turns: 9545, Time: 00:08:37

Health: -4/63      AC:  1    Str: 22    XL:     10   Next: 16%
Magic:  0/19       EV: 16    Int:  9    God:    Trog [*****.]
Gold:   255        SH:  0    Dex: 14    Spells: 9/9 levels left

rFire    . . .     SeeInvis .   a - +0 short sword
rCold    . . .     Faith    .   (no shield)
rNeg     . . .     Spirit   +   (helmet restricted)
rPois    +         Reflect  .   D - amulet of guardian spirit
rElec    .         Harm     .   i - ring of magical power
rCorr    +         Rampage  .   z - ring of willpower
Will     +++..                  A - ring of willpower
Stlth    ++++++....             x - ring of Ucymekky {Drain Will+ Str+4}
HPRegen  0.20/turn              n - ring of poison resistance
MPRegen  0.16/turn              B - ring of resist corrosion
                                (no ring)
                                (no ring)

@: on berserk cooldown, slowed, very slow
A: almost no armour, amphibious, 8 rings, camouflage 1, gelatinous body 1,
(nimble swimmer 1), tentacles
a: Renounce Religion, Berserk, Trog's Hand, Brothers in Arms


You were on level 9 of the Dungeon.
You worshipped Trog.
Trog was extremely pleased with you.
You visited 1 branch of the dungeon, and saw 9 of its levels.

You collected 1536 gold pieces.
You spent 1281 gold pieces at shops.

Inventory:

Hand Weapons
 a - a +0 short sword (weapon)
Missiles
 e - 33 poisoned darts (quivered)
 t - 7 silver boomerangs
 F - a curare-tipped dart
 J - 3 boomerangs
Jewellery
 i - a ring of magical power (left tentacle)
 n - a ring of poison resistance (on tentacle)
 o - an amulet of the acrobat
 x - the ring of Ucymekky (on tentacle) {Drain Will+ Str+4}
   (You bought it in a shop on level 3 of the Dungeon)

   [ring of willpower]

   Str:       It affects your strength (+4).
   Drain:     It drains your maximum health when unequipped.
   Will:      It increases your willpower.
 z - a ring of willpower (right tentacle)
 A - a ring of willpower (on tentacle)
 B - a ring of resist corrosion (on tentacle)
 D - an amulet of guardian spirit (around mantle)
Wands
 w - a wand of iceblast (10)
 y - a wand of flame (20)
 G - a wand of charming (6)
 K - a wand of acid (9)
 M - a wand of polymorph (8)
Scrolls
 c - 3 scrolls of magic mapping {unknown}
 d - 2 scrolls of immolation {unknown}
 g - 7 scrolls of teleportation
 h - a scroll of torment {unknown}
 k - 2 scrolls of brand weapon {unknown}
 l - a scroll of silence {unknown}
 m - 4 scrolls of fog {unknown}
 r - a scroll of fear
 s - a scroll of enchant armour {unknown}
 v - a scroll of holy word {unknown}
 C - a scroll of identify
 E - a scroll of vulnerability {unknown}
 H - a scroll of enchant weapon {unknown}
Potions
 b - 6 potions of curing
 f - 2 potions of might {unknown}
 j - 2 potions of flight
 p - a potion of cancellation {unknown}
 q - a potion of resistance {unknown}
 u - 2 potions of ambrosia {unknown}
 I - a potion of magic {unknown}
 L - a potion of heal wounds {unknown}


   Skills:
 - Level 3.0 Fighting
 - Level 10.0 Short Blades
 * Level 7.5 Dodging
 + Level 11.4 Stealth


You had 9 spell levels left.
You didn't know any spells.
Your spell library was empty.

Dungeon Overview and Level Annotations

Branches:
Dungeon (9/15)             Temple (0/1) D:5             Orc (0/2) D:9
   Lair: D:8-11

Altars:
Cheibriados
Dithmenos
Fedhas
Nemelex Xobeh
Vehumet
The Shining One

Shops:
D:2 ?   D:3 =

Annotations:
D:5 2 runed translucent doors, Ijustatesigmund's ghost, novice DENe


Innate Abilities, Weirdness & Mutations

You cannot wear most types of armour.
You are amphibious.
You can wear up to eight rings at the same time.
Your skin changes colour to match your surroundings (Stealth+).
Your rubbery body absorbs attacks. (AC +1, EV +1)
((You are camouflaged near water. (Stealth+)))
You have tentacles for arms and can constrict up to eight enemies at once.


Message History

Attack!
Your yak gores the orc warrior!
Okay, then.
As you read the scroll of fear, it crumbles to dust.
You assume a fearsome visage.
The orc warrior looks frightened!
The orc warrior closely misses your yak.
Your yak gores the orc warrior.
The orc wizard points at you and mumbles some strange words.
The puff of flame hits your yak.
The orc warrior closely misses your yak.
The orc wizard barely misses your yak.
Your yak barely misses the orc wizard.
The orc wizard casts a spell at you. The puff of flame hits you!
Your yak gores the orc wizard.
Your yak barely misses the orc wizard.
Items here: ))) [.
The orc wizard completely misses you.
Your yak gores the orc wizard.
The orc wizard hits you with a +0 dagger.
Your yak closely misses the orc wizard.
Things that are here:
a +0 trident; a +0 leather armour; an orc corpse You hit the orc wizard but do no damage.
You grab the orc wizard.
The orc wizard is heavily wounded.
You constrict the orc wizard.
The orc wizard hits you with a +0 dagger.
Your yak gores the orc wizard!
The orc wizard dies!
Trog accepts your kill.
Trog appreciates your killing of a magic user.
Things that are here:
a +0 dagger; a +0 robe; an orc corpse Your yak gores the orc warrior.
Your yak misses the orc warrior.
The orc warrior hits you with a +0 glaive!
* * * LOW HITPOINT WARNING * * *
Your yak gores the orc warrior.
You hit the orc warrior but do no damage.
Your grab misses the orc warrior.
The orc warrior is severely wounded.
The orc warrior hits you with a +0 glaive!!
You die...

#..o##### ...# #.........
....# #......... ......
#......... ......
#........ ...... #
#........ ......
#.#####....##########....
##......<.oY#........#....
#........@).#..(.....#....
#...........#........#....
######.....#........#....
#..)†.#.............
#..).[[........>....
#..)..#........#....
#...).##########....
#...................
#...............##..


You could see an orc warrior (ally target) and a friendly yak (charmed).

Vanquished Creatures
  A troll (D:9)
  Sigmund (D:3)
  4 yaks
  2 steam dragons (D:9)
  2 water moccasins (D:7)
  An orc warrior (D:9)
  A sky beast (D:8)
  2 ice beasts
  A black bear (D:5)
  4 ogres
  A centaur (D:7)
  2 kobold brigands (D:7)
  2 bullfrogs (D:9)
  A scorpion (D:5)
  A wyvern zombie (D:8)
  3 killer bees (D:9)
  2 howler monkeys (D:7)
  A jelly (D:4)
  8 hounds
  Jessica (D:3)
  A centaur skeleton (D:7)
  3 iguanas
  4 orc wizards
  Terence (D:2)
  A scorpion zombie (D:3)
  A killer bee zombie (D:6)
  A hound skeleton (D:5)
  A howler monkey zombie (D:8)
  Robin (D:2)
  10 adders
  A howler monkey skeleton (D:4)
  3 white imps
  2 adder skeletons
  2 worms (D:3)
  4 dart slugs
  20 orcs
  8 endoplasms
  A giant cockroach (D:3)
  15 goblins
  5 hobgoblins
  11 jackals
  19 kobolds
  3 quokkas
  8 ball pythons
  3 bats
  3 frilled lizards
  3 rats (D:1)
176 creatures vanquished.

Vanquished Creatures (collateral kills)
  An orc priest (D:9)
  An orc wizard (D:9)
  An orc (D:9)
3 creatures vanquished.

Vanquished Creatures (others)
  A goblin (D:2)
1 creature vanquished.

Grand Total: 180 creatures vanquished

Notes
Turn   | Place    | Note
-------+----------+-------------------------------------------
     0 | D:1      | Froggeryz the Octopode Berserker began the quest for the
                  | Orb.
     0 | D:1      | Reached XP level 1. HP: 16/16 MP: 1/1
   177 | D:1      | Reached skill level 1 in Stealth
   177 | D:1      | Reached XP level 2. HP: 15/21 MP: 2/2
   789 | D:2      | Noticed Terence
   797 | D:2      | Killed Terence
   798 | D:2      | Reached skill level 2 in Stealth
   798 | D:2      | Reached XP level 3. HP: 24/26 MP: 3/3
   966 | D:2      | Reached ** piety under Trog
  1001 | D:2      | Reached XP level 4. HP: 31/31 MP: 4/4
  1030 | D:2      | Found a shadowy altar of Dithmenos.
  1182 | D:2      | Noticed Robin
  1202 | D:2      | Killed Robin
  1203 | D:2      | Reached skill level 3 in Stealth
  1403 | D:2      | Found Tiquomio's Magic Scroll Shop.
  1417 | D:2      | Bought a scroll of teleportation for 33 gold pieces
  1998 | D:3      | Noticed Sigmund
  2195 | D:3      | Reached skill level 5 in Short Blades
  2195 | D:3      | Reached XP level 5. HP: 31/36 MP: 5/5
  2370 | D:3      | Killed Sigmund
  2371 | D:3      | Reached skill level 4 in Stealth
  2371 | D:3      | Reached XP level 6. HP: 32/42 MP: 6/6
  2549 | D:3      | Found a sparkling altar of Nemelex Xobeh.
  2598 | D:3      | Reached *** piety under Trog
  2609 | D:3      | Found Lyorru Keck's Jewellery Shop.
  2678 | D:3      | Noticed Jessica
  2685 | D:3      | Killed Jessica
  2686 | D:3      | Reached skill level 5 in Stealth
  3157 | D:4      | Reached XP level 7. HP: 46/46 MP: 7/7
  3522 | D:4      | Reached skill level 6 in Stealth
  4032 | D:5      | Entered Level 5 of the Dungeon
  4174 | D:5      | Reached skill level 7 in Stealth
  4174 | D:5      | Reached XP level 8. HP: 41/52 MP: 8/8
  4502 | D:5      | Found a radiant altar of Vehumet.
  4502 | D:5      | Found a snail-covered altar of Cheibriados.
  4514 | D:5      | Found a large runed translucent door.
  4515 | D:5      | Found a large runed translucent door.
  4517 | D:5      | Noticed Ijustatesigmund's ghost (novice DENe)
  4599 | D:5      | Reached **** piety under Trog
  4600 | D:5      | Reached skill level 8 in Stealth
  4635 | D:5      | Found a staircase to the Ecumenical Temple.
  4982 | D:5      | Found a glowing golden altar of the Shining One.
  6232 | D:6      | Identified a scroll of acquirement
  6236 | D:6      | Acquired 1083 gold pieces
  6349 | D:3      | Bought a ring of poison resistance for 200 gold pieces
  6349 | D:3      | Bought the ring of Ucymekky {Drain Will+ Str+4} for 348
                  | gold pieces
  6349 | D:3      | Bought a ring of willpower for 250 gold pieces
  6349 | D:3      | Bought a ring of willpower for 250 gold pieces
  6353 | D:3      | Bought a ring of resist corrosion for 200 gold pieces
  6605 | D:7      | Reached skill level 9 in Stealth
  6605 | D:7      | Reached XP level 9. HP: 56/56 MP: 9/9
  7029 | D:7      | Reached skill level 10 in Short Blades
  8624 | D:9      | Noticed a troll
  8636 | D:9      | Killed a troll
  8637 | D:9      | Reached skill level 10 in Stealth
  8735 | D:9      | Reached skill level 5 in Dodging
  8920 | D:9      | Found a staircase to the Orcish Mines.
  9022 | D:9      | Found a blossoming altar of Fedhas.
  9336 | D:8      | Reached skill level 11 in Stealth
  9336 | D:8      | Reached XP level 10. HP: 52/63 MP: 10/10
  9500 | D:9      | Reached ***** piety under Trog
  9545 | D:9      | Slain by an orc warrior

Illustrated notes

Levels and vault maps discovered:
D:1:      eino_arrival_tree_alley, layout_rooms, grunt_decor_fettered
D:2:      layout_rooms, serial_shops, nicolae_shop_stone, basic_altar,
          uniq_terence, uniq_robin
D:3:      minmay_inner_zag, layout_basic, overflow_temple_1_default,
          serial_shops, shop, kennysheep_generic_room_6, uniq_jessica,
          uniq_sigmund
D:4:      layout_basic, grunt_ministairs_1, minmay_misc_feat_nine_boxes
D:5:      layout_basic, tso_oasis_becter, jmf_multi_god_temple,
          minmay_temple_entry_trees, ebering_ghost_disaster_area
D:6:      layout_basic, minivault_24
D:7:      layout_cave_pods, minmay_misc_feat_cross
D:8:      layout_basic, serial_rivers, chequers_serial_rivers_micro_e,
          chequers_serial_rivers_room_b, chequers_serial_rivers_small_b,
          chequers_serial_rivers_room_a, chequers_serial_rivers_small_3,
          chequers_serial_rivers_micro_a, minmay_misc_feat_rugged
D:9:      layout_irregular_city, lemuel_tele_altar, orc_0_dummy,
          serial_column_ruins, column_ruins_hut, column_ruins_open_small,
          column_ruins_open_tiny, column_ruins_corridor_straight,
          column_ruins_grid_1, minmay_microvault

Skill      XL: |  1  2  3  4  5  6  7  8  9 10 |
---------------+-------------------------------+-----
Stealth        | 1 2 3 4 5 7 9 11 | 11.4
Short Blades   | 4 5 6 7 9 10 | 10.0
Dodging        | 6 7 |  7.5
Fighting       | |  3.0

Action                   |  1- 3 |  4- 6 |  7- 9 | 10-12 || total
-------------------------+-------+-------+-------+-------++-------
Melee: Short sword       |    48 |    99 |   220 |    27 ||   394
       Tentacles         |    10 |    15 |    61 |    10 ||    96
       Constrict         |    14 |    23 |    38 |     5 ||    80
Throw: Dart              |       |       |     9 |     1 ||    10
Invok: Berserk           |     1 |     3 |     7 |     1 ||    12
Evoke: Wand              |       |       |       |     1 ||     1
  Use: Scroll            |       |       |     5 |     1 ||     6
 Stab: Sleeping          |     8 |    14 |    24 |       ||    46
       Distracted        |       |     1 |     1 |       ||     2
Armor: Skin              |     4 |     6 |    10 |       ||    20
Dodge: Dodged            |    28 |    54 |   112 |    17 ||   211

Table legend: (Time is in decaauts)
 A = Elapsed time spent in this place.
 B = Non-inter-level travel time spent in this place.
 C = Inter-level travel time spent in this place.
 D = Time resting spent in this place.
 E = Time spent auto-exploring this place.
 F = Levels seen in this place.
 G = Mean time per level.
                   A        B        C        D        E       F      G
               +--------+--------+--------+--------+--------+-----+--------+
         Total |   9540 |   9164 |    376 |    862 |   7168 |   9 | 1060.0 |
       Dungeon |   9540 |   9164 |    376 |    862 |   7168 |   9 | 1060.0 |
               +--------+--------+--------+--------+--------+-----+--------+

Top non-repeatable levels by time:
     D:6: 1196 daAuts
     D:5: 1184 daAuts
     D:3: 1170 daAuts
     D:2: 1137 daAuts
     D:7: 1126 daAuts
     D:8: 1038 daAuts
     D:4: 1024 daAuts
     D:9: 837 daAuts
     D:1: 825 daAuts
